 Dungeon Crawl Stone Soup version 0.29.1-12-g30fa7ad0bf (webtiles) character file.

Game seed: 6396797121736939016

94151 GeoRichter the Thaumaturge (level 15, -10/85 HPs)
             Began as a Spriggan Enchanter on Jan 1, 2023.
             Was an Elder of Ashenzari.
             Mangled by a large slime creature (27 damage)
             ... on level 13 of the Dungeon on Jan 3, 2023.
             The game lasted 01:04:12 (23861 turns).

GeoRichter the Thaumaturge (Spriggan Enchanter)    Turns: 23861, Time: 01:04:13

Health: -10/85     AC:  5    Str:  6    XL:     15   Next: 62%
Magic:  35/35      EV: 26    Int: 28    God:    Ashenzari [****..]
Gold:   1007       SH:  8    Dex: 17    Spells: 30/45 levels left

rFire   + . .      SeeInvis +   a - +7 dagger (elec)
rCold   . . .      Faith    .   y - +0 buckler
rNeg    . . .      Spirit   .   H - +0 robe of Ashenzari's Shame {Will+, Fort, Comp} (curse)
rPois   +          Reflect  .   g - +2 hat "Thunder Perfect Mind" {Bglg, Range} (curse)
rElec   .          Harm     .   n - +0 cloak of the Elysian Sage {Range, Fort} (curse)
rCorr   .          Rampage  .   (gloves unavailable)
Will    +++..      Clarity  +   (boots unavailable)
Stlth   ++++++....              R - amulet of Ashenzari's Vexation {RegenMP +Blink Int+7 SInv, Self, Cun} (curse)
HPRegen 0.24/turn               I - ring "Sublime Entitlement" {rF+, Melee, Evo} (curse)
MPRegen 0.64/turn               S - ring of poison resistance

@: very quick
A: very small, no large weapons, unfitting armour, see invisible, speed 3
a: Renounce Religion, Evoke Blink, Curse Item, Shatter the Chains


You were on level 13 of the Dungeon.
You worshipped Ashenzari.
Ashenzari was greatly pleased with you.
You visited 4 branches of the dungeon, and saw 21 of its levels.
You also visited: Sewer.

You collected 2680 gold pieces.
You spent 1673 gold pieces at shops.

Inventory:

Hand Weapons
 a - a +7 dagger of electrocution (weapon)
   (You bought it in a shop on level 4 of the Dungeon)
 b - the +9 sling of the Whale {speed, rC+ Will- MP+9 Str+5}
   (You found it on level 2 of the Dungeon)

   Attacks with this weapon are significantly faster.
   Str:       It affects your strength (+5).
   rC:        It protects you from cold.
   MP:        It affects your magic capacity (+9).
   Will:      It decreases your willpower.
Missiles
 i - 58 poisoned darts (quivered)
Armour
 f - a +2 robe of fire resistance
   (You took it off Nergalle on level 2 of the Lair of Beasts)
 g - the cursed +2 hat "Thunder Perfect Mind" (worn) {Bglg, Range}
   (You found it on level 1 of the Dungeon)

   It has a curse which improves the following skills: Beguiling: Conjurations,
   Hexes and Translocations.
   Ranged Combat: Ranged Weapons and Throwing.
 n - the cursed +0 cloak of the Elysian Sage (worn) {Range, Fort}
   (You found it on level 2 of the Dungeon)

   It has a curse which improves the following skills: Ranged Combat: Ranged
   Weapons and Throwing.
   Fortitude: Armour and Shields.
 y - a +0 buckler (worn)
   (You found it on level 4 of the Dungeon)
 H - the cursed +0 robe of Ashenzari's Shame (worn) {Will+, Fort, Comp}
   (You took it off a wight on level 8 of the Dungeon)

   It has a curse which improves the following skills: Fortitude: Armour and
   Shields.
   Companions: Summonings and Necromancy.
 L - an orb of mayhem
   (You found it on level 2 of the Lair of Beasts)
 Q - a +0 troll leather armour
   (You found it on level 2 of the Orcish Mines)
Jewellery
 I - the cursed ring "Sublime Entitlement" (left hand) {rF+, Melee, Evo}
   (You found it on level 6 of the Dungeon)

   [ring of protection from fire]

   rF:        It protects you from fire.
   It has a curse which improves the following skills: Melee Combat: Short
   Blades, Long Blades, Axes, Maces & Flails, Polearms, Staves and Unarmed
   Combat.
   Evocations: Evocations.
 J - a ring of protection from cold
   (You found it on level 9 of the Dungeon)
 N - a ring of flight
   (You found it on level 4 of the Lair of Beasts)
 R - the cursed amulet of Ashenzari's Vexation (around neck) {RegenMP +Blink Int+7 SInv, Self, Cun}
   (You bought it in a shop on level 2 of the Orcish Mines)

   [amulet of magic regeneration]

   It increases your rate of magic regeneration.
   Int:       It affects your intelligence (+7).
   SInv:      It lets you see invisible.
   +Blink:    It lets you blink.
   It has a curse which improves the following skills: Introspection: Fighting
   and Spellcasting.
   Cunning:   Dodging and Stealth.
 S - a ring of poison resistance (right hand)
   (You bought it in a shop on level 2 of the Orcish Mines)
Wands
 u - a wand of digging (9)
   (You took it off Natasha on level 3 of the Dungeon)
 x - a wand of mindburst (5)
   (You found it on level 4 of the Dungeon)
 B - a wand of paralysis (14)
   (You took it off a gnoll on level 5 of the Dungeon)
 C - a wand of quicksilver (4)
   (You found it on level 5 of the Dungeon)
Scrolls
 d - 7 scrolls of teleportation {@r4}
 e - 2 scrolls of vulnerability {!r}
 k - a scroll of fear
 m - 2 scrolls of fog
 o - 2 scrolls of immolation {!r}
 p - 2 scrolls of poison {!r}
 t - 3 scrolls of magic mapping
 z - 2 scrolls of amnesia
 D - 2 scrolls of torment {!r}
 F - 3 scrolls of enchant armour
 M - a scroll of brand weapon
Potions
 c - a potion of invisibility
 h - 4 potions of cancellation
 j - 8 potions of heal wounds {@q2}
 l - 11 potions of curing {@q1}
 q - a potion of haste {@q3}
 r - 5 potions of flight
 s - 7 potions of ambrosia
 v - 5 potions of mutation {!q}
 w - 7 potions of brilliance
 E - 4 potions of lignification {!q}
 G - 2 potions of might
 K - a potion of resistance
 O - a potion of magic
Miscellaneous
 P - a phial of floods
   (You found it on level 11 of the Dungeon)


   Skills:
 + Level 10.8(12.7) Fighting
 - Level 7.6(9.6) Short Blades
 + Level 12.0(13.9) Dodging
 + Level 13.5(15.4) Stealth
 - Level 3.4(6.0) Shields
 + Level 14.0(15.9) Spellcasting
 + Level 12.9(14.8) Hexes
 - Level 7.0 Transmutations
 - Level 9.0 Poison Magic
 - Level 6.6(8.6) Evocations


You had 30 spell levels left.
You knew the following spells:

 Your Spells              Type           Power      Damage    Failure   Level
a - Confusing Touch       Hex            81%        N/A       1%          3
b - Tukima's Dance        Hex            81%        N/A       1%          3
c - Olgreb's Toxic Radia  Pois           64%        N/A       1%          4
d - Yara's Violent Unrav  Hex/Tmut       35%        3d14      1%          5

Your spell library contained the following spells:

 Spells                   Type           Power      Damage    Failure   Level
 Sting                    Tmut/Pois      100%       1d8       1%          1
 Ensorcelled Hibernation  Hex/Ice        100%       N/A       1%          2
 Poisonous Vapours        Pois/Air       94%        N/A       1%          2
 Dazzling Flash           Conj/Hex       100%       N/A       1%          3
 Ignite Poison            Fire/Tmut/Pois 51%        N/A       1%          3
 Inner Flame              Hex/Fire       59%        N/A       1%          3
 Summon Guardian Golem    Hex/Summ       59%        N/A       1%          3
 Leda's Liquefaction      Hex/Erth       29%        N/A       1%          4
 Shock                    Conj/Air       88%        1d8       3%          1
 Summon Mana Viper        Hex/Summ       59%        N/A       4%          5
 Blink                    Tloc           46%        N/A       5%          2
 Static Discharge         Conj/Air       22%        3-6/arc   6%          2
 Conjure Flame            Conj/Fire      22%        6-21      12%         3
 Swiftness                Air            22%        N/A       12%         3
 Passage of Golubria      Tloc           23%        N/A       36%         4
 Sticky Flame             Conj/Fire      22%        2d4       36%         4
 Summon Lightning Spire   Summ/Air       22%        N/A       36%         4
 Airstrike                Air            11%        2d(2-18)  38%         4
 Lightning Bolt           Conj/Air       11%        1d24      71%         5
 Manifold Assault         Tloc           23%        N/A       71%         5
 Lee's Rapid Deconstruct  Erth           11%        3d9*      75%         5
 Statue Form              Tmut/Erth      27%        N/A       83%         6
 Storm Form               Tmut/Air       20%        N/A       100%        7
 Borgnjor's Revivificati  Necr           11%        N/A       100%        8
 Maxwell's Capacitive Co  Air            11%        ∞         100%        8
 Necromutation            Tmut/Necr      21%        N/A       100%        8
 Death's Door             Necr           11%        N/A       100%        9


Dungeon Overview and Level Annotations

Branches:
Dungeon (13/15) Zot: 26606  Temple (1/1) D:7 Zot: 5902    Lair (5/5) D:10 Zot: 22894
  Swamp (0/4) Lair:3       Spider (0/4) Lair:3          Orc (2/2) D:9 Zot: 10729
    Elf (0/3) Orc:2         Sewer (visited)
  Slime: Lair:4-5    Vaults: D:13-14

Altars:
Ashenzari
Cheibriados
Dithmenos
Elyvilon
Fedhas
Gozag
Hepliaklqana
Kikubaaqudgha
Makhleb
Nemelex Xobeh
Okawaru
Qazlal
Ru
Sif Muna
Trog
Uskayaw
Vehumet
Wu Jian
Xom
Yredelemnul
Zin
The Shining One
Jiyva

Shops:
D:2 (   D:4 *   Orc:2 (=([

Annotations:
D:8 exclusion: oklob plant
D:13 Azrael
Lair:3 exclusion: 4 oklob plants
Lair:5 exclusion: oklob plant


Innate Abilities, Weirdness & Mutations

You are very small and have problems with some larger weapons.
You are too small for most types of armour.
You have supernaturally acute eyesight. (SInv)
You cover ground extremely quickly. (Speed+++)


Message History

You shoot a sling bullet.
The sling bullet hits the very large slime creature!
Aim: a fire elemental (severely damaged, 67% to hit)
The bolt of dispelling energy hits the very large slime creature!!
The bolt of dispelling energy hits the fire elemental!!
You destroy the fire elemental!
A very large slime creature splits.
You are too injured to fight recklessly!
You are too injured to fight recklessly!
You are too injured to fight recklessly!
Fire: b) +9 sling of the Whale {speed, rC+ Will- MP+9 Str+5}
Aim: a large slime creature (moderately wounded, 87% to hit)
You shoot a sling bullet.
The sling bullet hits the large slime creature!
Fire: b) +9 sling of the Whale {speed, rC+ Will- MP+9 Str+5}
Aim: a large slime creature (heavily wounded, 87% to hit)
You shoot a sling bullet.
The sling bullet hits the large slime creature!
Fire: b) +9 sling of the Whale {speed, rC+ Will- MP+9 Str+5}
Aim: a large slime creature (heavily wounded, 87% to hit)
You shoot a sling bullet.
The sling bullet barely misses the large slime creature.
The sling bullet hits the slime creature!
Fire: b) +9 sling of the Whale {speed, rC+ Will- MP+9 Str+5}
Aim: a large slime creature (heavily wounded, 87% to hit)
You shoot a sling bullet.
The sling bullet hits the large slime creature.
Fire: b) +9 sling of the Whale {speed, rC+ Will- MP+9 Str+5}
Aim: a large slime creature (heavily wounded, 87% to hit)
You shoot a sling bullet.
The sling bullet hits the large slime creature.
Fire: b) +9 sling of the Whale {speed, rC+ Will- MP+9 Str+5}
Aim: a large slime creature (severely wounded, 87% to hit)
You shoot a sling bullet.
The sling bullet hits the large slime creature!
The large slime creature barely misses you.
Fire: b) +9 sling of the Whale {speed, rC+ Will- MP+9 Str+5}
Aim: a large slime creature (severely wounded, 87% to hit)
You shoot a sling bullet.
The sling bullet hits the large slime creature!
A large slime creature splits.
You feel your magic capacity decrease.
You hear the crackle of electricity.
a - a +7 dagger of electrocution (weapon)
Two slime creatures merge to form a large slime creature.
You puncture the slime creature! You hit the slime creature.
The slime creature hits you!
* * * LOW HITPOINT WARNING * * *
The large slime creature hits you!!
You die...

##.##.+.#.###.#...##...
##....###.###.#.,,** ,,
##....###.....#. * ,,
#....###.....## ****
#....######### ,*** *
#.......# , , #.#...#.#
* * * #.#...#># * ,, ,>
, #...J@..# *, , * ,,
#...J####, * * * *
#....####.#+##### ,
#.#..## #.......+
##.#..## #.......#
##....####.......#
##....###........# * *
##.##.## #.......# *,
##.##.+.##.......# ,,


You could see a large slime creature and a slime creature.

Vanquished Creatures
  4 hydras
  A merfolk avatar (Lair:5)
  2 boulder beetles
  4 ogre magi (Orc:2)
  2 catoblepae
  16 two-headed ogres
  Nergalle (Lair:2)
  A deep elf pyromancer (D:12)
  3 orc sorcerers
  4 manticores
  2 cyclopes
  14 elephants
  Maurice (D:11)
  A guardian serpent (shapeshifter) (D:13)
  4 black mambas
  A gargoyle (D:13)
  12 cane toads
  An unseen horror (D:13)
  3 kobold demonologists
  8 komodo dragons
  3 rime drakes
  A demonic crawler (Lair:3)
  3 trolls
  2 polar bears (Lair:5)
  Grinder (D:3)
  A wind drake (Lair:5)
  10 blink frogs
  A queen bee (Lair:3)
  7 hornets
  A slime creature (D:13)
  3 snapping turtles (Lair:5)
  A shadow (D:11)
  2 wraiths (D:12)
  3 wyverns
  A fire elemental (D:13)
  54 yaks
  7 basilisks
  6 steam dragons
  3 wargs
  3 acid dragons
  2 hell hounds (D:13)
  20 water moccasins
  13 black bears
  17 orc warriors
  31 ogres
  23 wolves
  5 centaurs
  A phantom (D:6)
  4 kobold brigands
  12 bullfrogs
  2 necrophages
  3 scorpions
  10 wights
  32 killer bees (Lair:3)
  3 howler monkeys (D:8)
  2 jellies
  13 orc priests
  3 hounds (D:5)
  A gnoll bouda (D:5)
  19 orc wizards
  Natasha (thrice) (D:3)
  7 iguanas
  A hell rat (Lair:3)
  Robin (D:3)
  11 gnolls
  11 adders
  3 river rats (Sewer)
  2 shadow imps
  An ufetubus (D:5)
  2 worms
  5 dart slugs
  59 orcs
  6 bats
  5 endoplasms
  14 giant cockroaches
  12 hobgoblins
  3 jackals (D:1)
  26 kobolds
  5 quokkas
  10 ball pythons
  6 frilled lizards
  12 goblins
  6 rats
625 creatures vanquished.

Vanquished Creatures (collateral kills)
  An orc warrior (D:8)
  A centaur (D:7)
  5 wights
  2 orc priests (D:7)
  A gnoll (D:5)
  An orc (D:5)
11 creatures vanquished.

Vanquished Creatures (others)
  2 slime creatures (D:13)
  3 dancing weapons
  49 fungi
  97 plants
  15 toadstools (D:8)
166 creatures vanquished.

Grand Total: 802 creatures vanquished

Notes
Turn   | Place    | Note
-------+----------+-------------------------------------------
     0 | D:1      | GeoRichter the Spriggan Enchanter began the quest for the
                  | Orb.
     0 | D:1      | Reached XP level 1. HP: 9/9 MP: 5/5
   265 | D:1      | Found a faded altar of an unknown god.
   305 | D:1      | Reached XP level 2. HP: 13/13 MP: 6/6
   380 | D:1      | Reached skill level 5 in Stealth
   625 | D:1      | Reached XP level 3. HP: 12/16 MP: 8/8
  1496 | D:2      | Found Ticiz's Antique Weapon Emporium.
  1546 | D:2      | Learned a level 3 spell: Confusing Touch
  1550 | D:2      | Learned a level 3 spell: Tukima's Dance
  1637 | D:2      | Identified the +9 sling of the Whale {speed, rC+ Will- MP+9
                  | Str+5}
  1805 | D:2      | Reached skill level 3 in Spellcasting
  1805 | D:2      | Reached XP level 4. HP: 21/21 MP: 9/9
  2255 | D:3      | Noticed Natasha
  2257 | D:3      | Killed Natasha
  2258 | D:3      | Reached skill level 5 in Hexes
  2302 | D:3      | Noticed Robin
  2322 | D:3      | Killed Robin
  2483 | D:3      | Reached XP level 5. HP: 24/24 MP: 11/11
  2489 | D:3      | Reached skill level 4 in Spellcasting
  2541 | D:3      | Noticed Grinder
  2550 | D:3      | Killed Grinder
  2551 | D:3      | Reached skill level 1 in Fighting
  2551 | D:3      | Reached XP level 6. HP: 13/30 MP: 14/14
  2922 | D:3      | Noticed Natasha
  2931 | D:3      | Killed Natasha
  2944 | D:3      | Noticed Natasha
  2947 | D:3      | Killed Natasha
  3248 | D:4      | Found Haleqao's General Store.
  3252 | D:4      | Bought a potion of heal wounds for 60 gold pieces
  3425 | D:4      | Reached skill level 5 in Spellcasting
  3458 | D:4      | Found a glowing drain.
  3476 | Sewer    | Entered a sewer
  3503 | Sewer    | Reached XP level 7. HP: 33/34 MP: 15/15
  3971 | D:4      | Learned a level 4 spell: Olgreb's Toxic Radiance
  4252 | D:5      | Entered Level 5 of the Dungeon
  4252 | D:5      | Found a shadowy altar of Dithmenos.
  4277 | D:5      | Found a sparkling altar of Nemelex Xobeh.
  4300 | D:5      | Reached skill level 1 in Poison Magic
  4309 | D:5      | Found a glowing golden altar of the Shining One.
  4310 | D:5      | Found a radiant altar of Vehumet.
  4513 | D:5      | Found the +3 salamander hide armour {Flames rF++ rC--}
  4774 | D:5      | Reached skill level 6 in Spellcasting
  4801 | D:5      | Reached XP level 8. HP: 39/39 MP: 18/18
  5288 | D:5      | Found a broken altar of Ashenzari.
  5337 | D:5      | Became a worshipper of Ashenzari the Shackled
  6398 | D:6      | Reached skill level 5 in Poison Magic
  6439 | D:6      | Reached skill level 7 in Spellcasting
  6730 | D:4      | Bought a +2 dagger of electrocution for 204 gold pieces
  6937 | D:7      | Reached XP level 9. HP: 45/45 MP: 21/21
  7224 | D:7      | Found a staircase to the Ecumenical Temple.
  7236 | Temple   | Entered the Ecumenical Temple
  7490 | D:7      | Reached skill level 8 in Spellcasting
  7592 | D:7      | Found a bloodstained altar of Trog.
  7628 | D:7      | Paralysed by a hornet for 2 turns
  8112 | D:7      | Reached * piety under Ashenzari
  8169 | D:8      | Reached skill level 5 in Fighting
  8211 | D:8      | Noticed a kobold demonologist
  8240 | D:8      | Found a burning altar of Makhleb.
  8264 | D:8      | Found a shimmering blue altar of Sif Muna.
  8549 | D:8      | Found a hide-covered altar of Uskayaw.
  8595 | D:8      | Killed a kobold demonologist
  8596 | D:8      | Reached skill level 9 in Spellcasting
  8596 | D:8      | Reached XP level 10. HP: 51/51 MP: 22/24
  8876 | D:8      | Reached ** piety under Ashenzari
  9050 | D:8      | Noticed a two-headed ogre
  9051 | D:8      | Reached skill level 1 in Evocations
  9064 | D:8      | Killed a two-headed ogre
  9209 | D:8      | Found a blossoming altar of Fedhas.
  9220 | D:8      | Noticed an oklob plant
  9717 | D:9      | Reached skill level 1 in Shields
  9923 | D:9      | Found a staircase to the Orcish Mines.
 10180 | D:9      | Found an iron altar of Okawaru.
 10518 | D:10     | Entered Level 10 of the Dungeon
 10527 | D:10     | Reached skill level 5 in Dodging
 10527 | D:10     | Reached XP level 11. HP: 56/56 MP: 25/25
 10528 | D:10     | Reached skill level 10 in Spellcasting
 10553 | D:10     | Found a stormy altar of Qazlal.
 10559 | D:10     | Found an ancient bone altar of Kikubaaqudgha.
 10574 | D:10     | Found a staircase to the Lair.
 10576 | D:10     | Reached *** piety under Ashenzari
 10886 | D:10     | Found a white marble altar of Elyvilon.
 11468 | D:10     | Identified the +9 whip of the Scavenger {freeze, rN+ Int+3}
 11548 | D:10     | Reached **** piety under Ashenzari
 11588 | Lair:1   | Entered Level 1 of the Lair of Beasts
 11623 | Lair:1   | Noticed a six-headed hydra
 11656 | Lair:1   | Killed a six-headed hydra
 11704 | Lair:1   | Reached skill level 5 in Short Blades
 11812 | Lair:1   | Noticed a boulder beetle
 11822 | Lair:1   | Killed a boulder beetle
 11996 | Lair:1   | Reached ***** piety under Ashenzari
 12087 | Lair:1   | Noticed a four-headed hydra
 12119 | Lair:1   | Killed a four-headed hydra
 12137 | Lair:1   | Noticed a catoblepas
 12178 | Lair:1   | Killed a catoblepas
 12862 | Lair:2   | Reached skill level 11 in Spellcasting
 12931 | Lair:2   | Noticed a five-headed hydra
 13039 | Lair:2   | Reached XP level 12. HP: 32/63 MP: 28/28
 13108 | Lair:2   | Noticed a catoblepas
 13801 | Lair:2   | Reached skill level 10 in Hexes
 13902 | Lair:2   | Noticed Nergalle
 13922 | Lair:2   | Killed Nergalle
 14127 | Lair:2   | Killed a catoblepas
 14369 | Lair:2   | Killed a five-headed hydra
 15182 | Lair:3   | Reached skill level 12 in Spellcasting
 15464 | Lair:3   | Reached XP level 13. HP: 68/68 MP: 30/30
 15723 | Lair:3   | Reached skill level 10 in Stealth
 15837 | Lair:3   | Found a staircase to the Swamp.
 16586 | Lair:3   | Reached skill level 10 in Dodging
 16635 | Lair:3   | Found a hole to the Spider Nest.
 17420 | Lair:5   | Entered Level 5 of the Lair of Beasts
 18519 | Lair:5   | Reached skill level 5 in Evocations
 18728 | Lair:5   | Reached skill level 13 in Spellcasting
 19570 | Lair:5   | Paralysed by a hornet for 1 turns
 19795 | Lair:5   | Identified the +1 whip of Yhibbao {drain, *Noise +Blink Fly
                  | Dex+7}
 19800 | Lair:5   | Reached skill level 10 in Fighting
 19800 | Lair:5   | Reached XP level 14. HP: 77/77 MP: 32/32
 20065 | Lair:5   | Found a viscous altar of Jiyva.
 20275 | D:11     | Identified the Cyclopedia of Interference and Permutations
 20322 | D:11     | Noticed Maurice
 20334 | D:11     | Killed Maurice
 20447 | D:11     | Learned a level 5 spell: Yara's Violent Unravelling
 20559 | D:11     | Reached skill level 1 in Transmutations
 20574 | D:11     | Reached XP level 15. HP: 74/81 MP: 20/33
 20968 | Orc:1    | Entered Level 1 of the Orcish Mines
 21452 | Orc:2    | Entered Level 2 of the Orcish Mines
 21452 | Orc:2    | Found a staircase to the Elven Halls.
 21900 | Orc:2    | Found Appub's Antique Weapon Shoppe.
 21900 | Orc:2    | Found Icivelaz's Antique Weapon Shop.
 22040 | Orc:2    | Reached skill level 5 in Transmutations
 22273 | Orc:2    | Found Duesya's Armour Boutique.
 22273 | Orc:2    | Found Nexil's Jewellery Shoppe.
 22532 | Orc:2    | Bought the amulet "Juifric" {RegenMP +Blink Int+7 SInv} for
                  | 1069 gold pieces
 22532 | Orc:2    | Bought a ring of poison resistance for 340 gold pieces
 23183 | D:12     | Identified a scroll of acquirement
 23205 | D:12     | Acquired 793 gold pieces
 23374 | D:13     | Reached skill level 14 in Spellcasting
 23765 | D:13     | Noticed Azrael
 23861 | D:13     | Mangled by a large slime creature

Illustrated notes

Levels and vault maps discovered:
D:1:      dpeg_arrival_round_b, layout_loops_ring, basic_ecumenical_altar,
          chequers_serial_rivers_small_b
D:2:      minmay_recursive_quarters, layout_loops_ring, serial_shops,
          shop_statue
D:3:      layout_basic, serial_aquarium, aquarium_bridge_long_joined
          [aquarium_subvault_bridge, aquarium_subvault_bridge,
          aquarium_subvault_bridge, aquarium_subvault_wall,
          aquarium_subvault_window, aquarium_subvault_window],
          aquarium_bridge_straight [aquarium_subvault_bridge,
          aquarium_subvault_window, aquarium_subvault_bridge,
          aquarium_subvault_wall], aquarium_window_fake, aquarium_window_1,
          aquarium_view_2f, aquarium_pool_split, minmay_misc_feat_pillars,
          uniq_robin, uniq_grinder, uniq_natasha
D:4:      layout_basic, portal_sewer_entry_f, serial_shops,
          kennysheep_mini_moat, corexii_leaking_fountain, minmay_close_crescents
D:5:      kb_forest_paths, layout_layer_cave,
          chequers_temple_overflow_statue_of_worship,
          ashenzari_conservatory_becter, nemelex_spade_bored_becter,
          chequers_ossuary_entry_cave, minmay_misc_feat_iff
D:6:      layout_rooms
D:7:      layout_cave_pools, trog_ov_bears_minmay, minmay_temple_entry_tees
D:8:      layout_loops_ring, tgw_fedhas, mainiacjoe_overflow_brackets,
          kennysheep_mini, nicolae_uskayaw_murder_on_the_dancefloor,
          grunt_tough_drop
D:9:      layout_roguey, okawaru_metal_pillars_1_2, erik_orc_4,
          hangedman_decor_push, kennysheep_another_room
D:10:     layout_basic, grunt_temple_overflow_open, david_lair_generic
D:11:     cheibrodos_wizards_tower, layout_cave_pods, uniq_maurice
D:12:     layout_long_grid
D:13:     layout_stronghold, uniq_azrael
Temple:   hellmonk_temple_forest_ring
Lair:1:   layout_chaotic_city
Lair:2:   layout_roguey, beast_lair_carwin_7, grunt_megastairs_3,
          infiniplex_staircase_pool, serial_bayou_shore_a, uniq_nergalle
Lair:3:   hangedman_what_comes_after_a, layout_cave_pods,
          minmay_swamp_entry_reptiles, nicolae_spider_entry_non_spiders,
          nicolae_lair_lil_pond
Lair:4:   layout_layer_cave, minmay_stone_trees_small, grunt_megastairs_4
Lair:5:   gammafunk_lair_ancient_temple, layout_regular_city,
          minmay_slime_entry_oklob_enclosed, eino_small_chamber_without_monster
Orc:1:    layout_caves
Orc:2:    st_orc_ogre_mass, layout_diamond_mine

Skill      XL: |  1  2  3  4  5  6  7  8  9 10 11 12 13 14 15 |
---------------+----------------------------------------------+-----
Hexes          | 4 5 6 7 8 9 10 12 | 12.9
Stealth        | 5 6 9 12 13 | 13.5
Short Blades   | 2 3 5 7 |  7.6
Spellcasting   | 3 4 5 6 7 9 11 12 13 14 | 14.0
Fighting       | 1 2 4 5 6 7 8 10 | 10.8
Dodging        | 3 5 7 9 10 11 12 | 12.0
Poison Magic   | 3 6 8 9 |  9.0
Evocations     | 4 6 |  6.6
Shields        | 2 3 |  3.4
Transmutations | 1 7 |  7.0

Action                   |  1- 3 |  4- 6 |  7- 9 | 10-12 | 13-15 || total
-------------------------+-------+-------+-------+-------+-------++-------
Melee: Dagger            |    95 |       |       |    73 |   126 ||   294
 Fire: Sling             |     5 |   150 |   328 |   396 |   538 ||  1417
Throw: Dart              |     2 |       |       |     4 |     4 ||    10
 Cast: Tukima's Dance    |       |       |    36 |    16 |       ||    52
       Olgreb's Toxic Ra |       |       |     7 |   183 |   243 ||   433
       Confusing Touch   |       |       |       |     6 |    22 ||    28
Invok: Curse Item        |       |       |     2 |     4 |     1 ||     7
       Shatter the Chain |       |       |       |       |     2 ||     2
Evoke: Wand              |       |       |     4 |       |     7 ||    11
  Use: Scroll            |     1 |       |     9 |     4 |     8 ||    22
       Potion            |       |       |       |     1 |     5 ||     6
 Stab: Sleeping          |     7 |       |       |     1 |     9 ||    17
       Confused          |       |       |       |     6 |    14 ||    20
Armor: Robe              |    10 |     3 |    23 |    23 |    25 ||    84
Dodge: Dodged            |    62 |    14 |    94 |   195 |   243 ||   608
Block: Buckler           |       |       |       |    57 |    97 ||   154
